 Dungeon Crawl Stone Soup version 0.31-a0-978-g1e143483b6 (webtiles) character file.

Game seed: 16995936573351465021

81 lunkers the Insei (level 5, -5/40 HPs)
             Began as a Meteoran Shapeshifter on Oct 27, 2023.
             Was a High Priest of Ignis.
             Slain by a gnoll
             ... wielding a +0 spear
              (6 damage)
             ... on level 4 of the Dungeon on Oct 30, 2023.
             The game lasted 00:03:03 (795 turns).

lunkers the Insei (Meteoran Shapeshifter)            Turns: 795, Time: 00:03:04

Health: -5/40      AC:  2    Str: 15    XL:     5   Next: 0%
Magic:  15/15      EV: 12    Int: 12    God:    Ignis [*****.]
Gold:   97         SH:  0    Dex: 15    Spells: 4/4 levels left

rFire   + .          .
                       - Unarmed
rCold   . . .        (no shield)
rNeg    . . .        a - +0 animal skin
rPois   .            (helmet currently unavailable)
rElec   .            (cloak currently unavailable)
rCorr   .            (gloves currently unavailable)
SInv    .            (boots currently unavailable)
Will    .....        (no amulet)
Stlth   +            m - ring of magical power
HPRegen 0.26/turn    (no ring)
MPRegen 0.14/turn

%: no passive effects
@: beast-form, glowing
A: beast (slay +2), sense surroundings 1, otherworldly, glowing, explore regen
a: Begin Untransformation, Renounce Religion, Fiery Armour, Foxfire Swarm,
Rising Flame


You were on level 4 of the Dungeon.
You worshipped Ignis.
Ignis was extremely pleased with you.
You were a hulking beast.
You visited 1 branch of the dungeon, and saw 4 of its levels.

You collected 97 gold pieces.

Inventory:

Armour
 a - a +0 animal skin (worn)
 o - a +0 helmet
Jewellery
 m - a ring of magical power (left hand)
Talismans
 c - a beast talisman
 d - a flux talisman
Scrolls
 e - a scroll of fog {unknown}
 f - 3 scrolls of identify {unknown}
 g - a scroll of enchant weapon {unknown}
 i - a scroll of teleportation {unknown}
 k - a scroll of blinking {unknown}
 l - a scroll of fear {unknown}
 n - a scroll of amnesia {unknown}
Potions
 b - a potion of lignification
 h - a potion of cancellation {unknown}
 j - a potion of haste {unknown}


   Skills:
 - Level 1.1 Fighting
 - Level 2.1 Dodging
 * Level 5.4 Unarmed Combat
 + Level 4.4 Shapeshifting


You had 4 spell levels left.
You didn't know any spells.
Your spell library was empty.

Dungeon Overview and Level Annotations

Branches:
Dungeon (4/15) Zot: 1613
 Temple: D:4-7

Altars:
Ignis


Innate Abilities, Weirdness & Mutations

You are a hulking beast.
Your limbs bulge with bestial killing power. (Slay +2)
You passively map a small area around you.
You are easily found by Zot.
You glow in the dark.
You regain HP and MP as you explore.


Message History

You punch the jackal!
You kill the jackal!
The jackal bites you.
You hit the jackal.
The jackal is almost dead.
The jackal bites you.
You hit the jackal.
You kill the jackal!
You hit the goblin.
The goblin is moderately wounded.
The goblin closely misses you. The gnoll misses you.
You hit the goblin.
The goblin is severely wounded.
The goblin hits you but does no damage.
You hit the goblin.
You kill the goblin!
The gnoll closely misses you. The gnoll barely misses you.
Things that are here:
a +0 club; a jackal corpse You hit the gnoll.
The gnoll is moderately wounded.
You closely miss the gnoll.
The gnoll is moderately wounded.
The gnoll hits you from afar with a +0 spear.
The gnoll hits you with a +0 flail.
You hit the gnoll.
The gnoll is severely wounded.
The gnoll completely misses you. The gnoll hits you with a +0 whip!
* * * LOW HITPOINT WARNING * * *
The gnoll hits you with a +0 flail!
* * * LOW HITPOINT WARNING * * *
You hit the gnoll.
You kill the gnoll!
The gnoll hits you from afar with a +0 spear.
* * * LOW HITPOINT WARNING * * *
The gnoll hits you with a +0 whip.
* * * LOW HITPOINT WARNING * * *
You have reached level 5!
The gnoll hits you with a +0 spear.
You die...

* ....g.
....... , *
..... ....... ,
* .... .......
, ** *
.<.#....... ,
.# * ..........
...# #.........
#....#.........
, #...... , *
### , ,* *


You could see 2 gnolls.

Vanquished Creatures
  A gnoll (D:4)
  3 adders
  A dart slug (D:2)
  3 ball pythons
  3 bats
  3 endoplasms
  A giant cockroach (D:2)
  3 goblins
  6 hobgoblins
  2 jackals (D:4)
  A quokka (D:1)
  3 frilled lizards
  4 kobolds
  6 rats
40 creatures vanquished.

Notes
Turn   | Place    | Note
-------+----------+-------------------------------------------
     0 | D:1      | lunkers the Meteoran Shapeshifter began the quest for the
                  | Orb.
     0 | D:1      | Reached XP level 1. HP: 16/16 MP: 2/2
   133 | D:1      | Reached XP level 2. HP: 23/23 MP: 3/3
   148 | D:1      | Reached skill level 4 in Unarmed Combat
   285 | D:2      | Reached XP level 3. HP: 27/28 MP: 4/4
   479 | D:2      | Reached XP level 4. HP: 35/35 MP: 5/5
   540 | D:2      | Reached skill level 5 in Unarmed Combat
   594 | D:3      | Upgraded the game from 0.31-a0-968-g24f9ace8b5 to
                  | 0.31-a0-978-g1e143483b6
   743 | D:3      | Found a faded altar of an unknown god.
   753 | D:3      | Prayed at the altar of an unknown god.
   753 | D:3      | Became a worshipper of Ignis, the Dying Flame
   794 | D:4      | HP: 1/35 [gnoll/+0 whip (3)]
   795 | D:4      | Reached XP level 5. HP: 1/40 MP: 6/6
   795 | D:4      | Slain by a gnoll

Illustrated notes

Levels and vault maps discovered:
D:1:      matt_arrival_grand_opening, layout_loops_cross
D:2:      layout_rooms, serial_shops, nicolae_shop_real_fake_doors
D:3:      layout_basic, lemuel_round_altar, grunt_temple_overflow_diamond,
          hellmonk_ecumenical_altar_arch_garden
D:4:      layout_basic, overflow_temple_1_default, minmay_goblin_outpost

Skill      XL: |  1  2  3  4 |
---------------+-------------+-----
Unarmed Combat | 4 5 |  5.4
Shapeshifting  | 4 |  4.4
Fighting       | |  1.1
Dodging        | |  2.1

Action                     |  1- 3 |  4- 6 || total
---------------------------+-------+-------++-------
  Melee: Unarmed           |    63 |    35 ||    98
         Punch             |     2 |     2 ||     4
 Armour: Animal skin       |    29 |    23 ||    52
  Dodge: Dodged            |    40 |    13 ||    53

Table legend: (Time is in decaauts)
 A = Elapsed time spent in this place.
 B = Non-inter-level travel time spent in this place.
 C = Inter-level travel time spent in this place.
 D = Time resting spent in this place.
 E = Time spent auto-exploring this place.
 F = Levels seen in this place.
 G = Mean time per level.
                   A        B        C        D        E       F      G
               +--------+--------+--------+--------+--------+-----+--------+
         Total |    785 |    779 |      6 |      0 |    522 |   4 |  196.2 |
       Dungeon |    785 |    779 |      6 |      0 |    522 |   4 |  196.2 |
               +--------+--------+--------+--------+--------+-----+--------+

Top non-repeatable levels by time:
     D:2: 273 daAuts
     D:1: 268 daAuts
     D:3: 225 daAuts
     D:4: 18 daAuts
